[Event "Early-Titled-Tuesday-Blitz-February-20-2024"]
[Site "Chess.com"]
[Date "2024.02.20"]
[Round "5"]
[White "Colombiano07"]
[Black "Andrei_Skvortsov"]
[Result "1/2-1/2"]
[WhiteElo "2443"]
[BlackElo "2704"]
[TimeControl "180+1"]
[EndTime "8:57:23 PST"]
[Termination "Game drawn by repetition"]

1. e4 c5 2. Nc3 a6 3. g3 b5 4. Bg2 Bb7 5. Nge2 Nf6 6. O-O b4 7.
Nd5 Nxd5 8. exd5 d6 9. c4 g6 10.
d4 Bg7 11. dxc5 dxc5 12. Be3 Nd7 13. Qd2 Qc7 14. Bh6 O-O 15. Bxg7 Kxg7 16. b3 Nf6 17. Rfe1 Rfe8 18. Qf4 Qd6 19. Rad1 Nh5 20. Qg5 h6 21. Qc1 Nf6 22. Rd3 e6 23. Nf4 exd5 24. Nxd5 Bxd5 25. Bxd5 Rxe1+ 26. Qxe1 Re8 27. Qd2 Qe5 28. Kg2 Qe1 29. Bf3 Qa1 30. Qc2 Re1 31. Rd1 Rxd1 32. Bxd1 Nd7 33.
Qd2 Ne5 34. Qd5 Qd4 35. Qxd4 cxd4 36. f4 Nd3 37. Kf3 f5 38. Ke2 Nc1+ 39. Kd2 Nxa2 40. Kd3 Nc3 41. Bf3 Nb1 42. Kxd4 Nd2 43. Bd1 Kf6 44.
Kc5 g5 45. Kxb4 Nf1 46. Ka5 Ne3 47. Bf3 gxf4 48. gxf4 Ke7 49. Kxa6 Kd6 50. Kb5 Nf1 51.
c5+ Kc7 52. h3 Nd2 53. Bd1 Ne4 54. Bc2 Ng3 55. Kc4 Ne2 56. Bxf5 Nxf4 57. b4 Ng2 58. b5 Ne3+ 59. Kd4 Nxf5+ 60. Ke5 Ng3 61. Kf6 Ne4+ 62. Kg6 Nxc5 63. Kxh6 Ne4 64. Kg6 Ng3 65.
Kg5 Kb6 66. h4 Kxb5 67. Kg4 Ne4 68. Kf5 Ng3+ 69. Kg4 Ne4 70. Kf4 Nf6 71. Kf5 Nh5 72.
Kg5 Ng3 73. Kg4 1/2-1/2

[Event "Early-Titled-Tuesday-Blitz-February-20-2024"]
[Site "Chess.com"]
[Date "2024.02.20"]
[Round "5"]
[White "Viacheslav92"]
[Black "Dubs123"]
[Result "1-0"]
[WhiteElo "2550"]
[BlackElo "2369"]
[TimeControl "180+1"]
[EndTime "8:57:24 PST"]
[Termination "Viacheslav92 won by resignation"]

1. d4 d5 2. Bg5 h6 3. Bh4 Nf6 4.
Bxf6 exf6 5. e3 g6 6. c4 c6 7. cxd5 cxd5 8. Nc3 Nc6 9. g3 Bb4 10.
Ne2 Bg4 11. Bg2 Qd7 12. O-O Ne7 13. Qb3 Bxc3 14. Nxc3 Rd8 15. Rfc1 h5 16. Qb5 h4 17.
Qxd7+ Rxd7 18. Nb5 a6 19. Nc3 hxg3 20. hxg3 O-O 21.
Na4 Bf5 22. Rc5 Rb8 23. Nb6 Rd6 24. Nxd5 Nxd5 25. Rxd5 Rxd5 26. Bxd5 Be6 27. Bxe6 fxe6 28. Rc1 b6 29. Rc7 Rd8 30. Rc6 Rb8 31. Rxe6 Kf7 32. Rc6 g5 33. g4 Ke7 34. Kg2 a5 35. Kf3 b5 36. Ke4 b4 37. Ra6 Rb5 38. d5 Kf7 39. Kd4 Ke7 40. e4 Kd7 41. Rxf6 b3 42. a3 Rb8 43. Rf7+ Ke8 44. Ra7 Rc8 45. Rxa5 Rc2 46.
Rb5 Rxb2 47. Ke5 Rb1 48. a4 b2 49. f3 Kd7 50. a5 Kc7 51. a6 Ra1 52. Rb7+ Kc8 53.
Rxb2 Rxa6 54. d6 Kd7 55. Rb7+ Kc6 56. Rc7+ Kb6 57. Ke6 Ra8 58. e5 Rh8 59. Rf7 Rh6+ 60. Ke7 Rh8 61. e6 Kc6 62. d7 Kc7 63. Rg7 Rd8 64. Rxg5 Rh8 65. Rc5+ Kb6 66. d8=Q+ Rxd8 67. Kxd8 Kxc5 68. e7 Kd6 69. e8=Q Kd5 70. Qe7 Kd4 71. f4 Kc4 72. f5 Kd3 73. f6 Kc3 74. f7 Kc2 1-0

[Event "Early-Titled-Tuesday-Blitz-February-20-2024"]
[Site "Chess.com"]
[Date "2024.02.20"]
[Round "5"]
[White "Nemegejas"]
[Black "Salem-AR"]
[Result "1-0"]
[WhiteElo "2810"]
[BlackElo "2985"]
[TimeControl "180+1"]
[EndTime "8:57:26 PST"]
[Termination "Nemegejas won by resignation"]

1. d4 Nf6 2. c4 g6 3. Nc3 d5 4. cxd5 Nxd5 5. Bd2 c5 6. Qc1 Nc6 7. Nxd5 Qxd5 8. Qxc5 Qxd4 9. Qxd4 Nxd4 10. O-O-O Nc6 11. Bc3 e5 12. e3 Be6 13. Kb1 f6 14. Bd3 Kf7 15.
Be4 Rc8 16. f4 exf4 17. exf4 Bb4 18. Ne2 a5 19. a3 Bxc3 20. Nxc3 Rhd8 21. Rhe1 Bb3 22.
Bd5+ Rxd5 23. Rxd5 Bxd5 24. Nxd5 Rd8 25. Ne3 Rd2 26.
Kc1 Rd4 27. g3 h5 28. Kc2 h4 29. Kc3 Re4 30. Kd3 Rd4+ 31. Ke2 f5 32. Rc1 Ke6 33.
Rc5 h3 34. Nc2 Re4+ 35. Kd2 Kd6 36. Rc3 a4 37. Rd3+ Kc5 38. Rd7 b5 39. Rh7 Nd4 40. Nxd4 Rxd4+ 41. Kc2 Rc4+ 42. Kb1 Re4 43. Rxh3 Kc4 44.
Ka2 Re2 45. Rh6 b4 46. axb4 Kxb4 47. Rxg6 Rxh2 48. Rb6+ Kc4 49. Ra6 Kb4 50. Rb6+ Kc4 51. Rf6 Rg2 52. Ka3 Rxg3+ 53. Kxa4 Rg1 54. b3+ Kc3 55.
Rc6+ Kd4 56. Rc4+ Ke3 57. b4 Rg4 58. b5 Rg1 59. b6 Rb1 60. Rb4 Ra1+ 61. Kb5 Ra8 62. b7 Rb8 63. Ka6 Kf3 64. Ka7 1-0

[Event "Early-Titled-Tuesday-Blitz-February-20-2024"]
[Site "Chess.com"]
[Date "2024.02.20"]
[Round "5"]
[White "Grischuk"]
[Black "AvitalBor"]
[Result "0-1"]
[WhiteElo "3082"]
[BlackElo "2765"]
[TimeControl "180+1"]
[EndTime "8:57:27 PST"]
[Termination "AvitalBor won on time"]

1. d4 Nf6 2. c4 g6 3. g3 c6 4. Bg2 d5 5. Qa4 Bg7 6. cxd5 Nxd5 7. Nf3 O-O 8. O-O a5 9. e4 b5 10. Qd1 Nb6 11. h3 Be6 12. Re1 Na6 13. Nc3 Qd7 14. Kh2 Rfd8 15. Ne2 a4 16. Nf4 Nc7 17. Qc2 Nc4 18.
Rd1 h6 19. Rb1 g5 20. Nh5 Bh8 21. g4 Ne5 22. Be3 Nxf3+ 23. Bxf3 Bxa2 24. Rbc1 Bb3 25. Qd2 Bxd1 26. Rxd1 Ne6 27. d5 cxd5 28. exd5 Qd6+ 29. Kg2 Ng7 30. Ng3 b4 31. Ne4 Qg6 32. Qxb4 Ne8 33.
Rd2 Nd6 34. Nxd6 exd6 35. Be4 Qf6 36. Bc2 Qe5 37. Bxa4 Rdb8 38. Qc4 Rxb2 39. Rxb2 Qxb2 40. Qc6 Qb8 41. Qc2 Be5 42. Bc6 Ra1 43. Qf5 Qb1 44.
Qxb1 Rxb1 45. h4 f6 46. h5 Kf7 47. Bd7 Ke7 48. Bf5 Rb4 49. Kf3 Bd4 50. Bd2 Rb2 51. Be1 Kd8 52. Be6 Kc7 53. Kg2 Kb6 54. Kf1 Kc5 55. f3 Kc4 56. Bg3 Be5 57. Bf2 Bd4 58.
Bg3 Kd3 59. Bxd6 Ke3 60. Bf8 Kxf3 61. Ke1 Be3 62. Kd1 Rd2+ 63. Ke1 Rc2 0-1

[Event "Early-Titled-Tuesday-Blitz-February-20-2024"]
[Site "Chess.com"]
[Date "2024.02.20"]
[Round "5"]
[White "SHIVACalypso"]
[Black "lucasran"]
[Result "0-1"]
[WhiteElo "2507"]
[BlackElo "2646"]
[TimeControl "180+1"]
[EndTime "8:57:30 PST"]
[Termination "lucasran won by resignation"]

1. Nf3 Nf6 2. c4 b6 3. g3 Bb7 4.
Bg2 c5 5. O-O g6 6. d4 cxd4 7.
Qxd4 Bg7 8. Nc3 d6 9. Bg5 Nbd7 10. Rfd1 Rc8 11. Rac1 O-O 12. Qh4 a6 13. b3 Re8 14.
Ne1 Bxg2 15. Nxg2 b5 16. cxb5 Qa5 17. b4 Qa3 18. Ne4 axb5 19. Nxf6+ Nxf6 20. Rxc8 Rxc8 21. Ne3 Qxa2 22. Bxf6 Bxf6 23. Qg4 Qe6 24. Qf3 Qb3 25. Qb7 Rc3 26. Ra1 Rxe3 27. Ra8+ Kg7 28. fxe3 Qxe3+ 29.
Kf1 Bd4 30. Kg2 Qxe2+ 31. Kh3 h5 32. Qd5 Qf1+ 33. Qg2 Qf5+ 34. g4 hxg4+ 35. Qxg4 Qf1+ 36. Qg2 Qd3+ 37. Qg3 Qf5+ 38. Qg4 Qd5 39. Ra3 Bb2 40. Rf3 Bf6 41. Qf4 Qe6+ 42. Kg2 d5 43. Rf2 d4 44.
Qf3 Qc4 45. Rd2 Qxb4 46. Qd3 Qc5 47. Re2 Qd5+ 48. Qe4 Qg5+ 49. Kh1 b4 50. h4 Qxh4+ 51. Qxh4 Bxh4 52. Rb2 Be1 53. Re2 Bc3 54. Rxe7 b3 55.
Rb7 b2 56. Kg2 d3 57. Kf3 g5 58. Ke3 d2 59. Ke2 g4 60. Kd1 g3 61. Kc2 g2 62.
Rb5 g1=Q 63. Rb3 Qc1+ 0-1

[Event "Early-Titled-Tuesday-Blitz-February-20-2024"]
[Site "Chess.com"]
[Date "2024.02.20"]
[Round "5"]
[White "Dewarfd"]
[Black "DonMicheleCorleone"]
[Result "0-1"]
[WhiteElo "2140"]
[BlackElo "2529"]
[TimeControl "180+1"]
[EndTime "8:57:30 PST"]
[Termination "DonMicheleCorleone won on time"]

1. d4 Nf6 2. e3 d5 3. Nf3 Bf5 4. c4 e6 5. Bd3 Bxd3 6. Qxd3 c6 7.
O-O Be7 8. b3 O-O 9. Ba3 Bxa3 10. Nxa3 Ne4 11. Nb1 Nd7 12. Nc3 Nxc3 13. Qxc3 Rc8 14.
Rfe1 Qb6 15. Rad1 Rfe8 16. e4 dxe4 17. Rxe4 c5 18. dxc5 Nxc5 19. Red4 Rcd8 20. h3 h6 21.
b4 Ne4 22. Qb2 Nf6 23. c5 Qc7 24. Rd6 Ne4 25. R6d4 Rxd4 26. Qxd4 Nf6 27. Qd6 Qc8 28. Ne5 Nd5 29. c6 bxc6 30. Nxc6 Qb7 31. a3 a6 32. Rc1 Kh7 33. Na5 Qb5 34. Qc6 Rb8 35. Qxb5 axb5 36. Rc5 Kg6 37. g3 Kf6 38. Kg2 g5 39.
Nc6 Rb6 40. Nd4 Ra6 41. Nxb5 Ke7 42. Nc3 Nb6 43. Ra5 Rxa5 44. bxa5 Nc8 45. Kf3 Kd6 46.
Ne4+ Kc6 47. Nf6 Kb5 48. Ng8 h5 49. Nf6 h4 50. gxh4 gxh4 51. Kg4 Ne7 52. Kxh4 Nf5+ 53. Kg5 Kxa5 54. Nd7 Ka4 55. Ne5 Nd6 56. h4 Ne4+ 57.
Kh6 f6 58. Ng4 f5 0-1

[Event "Early-Titled-Tuesday-Blitz-February-20-2024"]
[Site "Chess.com"]
[Date "2024.02.20"]
[Round "5"]
[White "Attacker_2006"]
[Black "NaciSAN"]
[Result "1-0"]
[WhiteElo "2381"]
[BlackElo "2075"]
[TimeControl "180+1"]
[EndTime "8:57:30 PST"]
[Termination "Attacker_2006 won on time"]

1. e4 e6 2. Nf3 d5 3. exd5 exd5 4.
d4 Bd6 5. h3 Ne7 6. Bd3 Bf5 7.
c3 O-O 8. O-O Nbc6 9. Qc2 Qd7 10. Re1 a6 11. Nbd2 Rfe8 12. Nf1 Bxd3 13. Qxd3 Nf5 14.
Ne3 Nxe3 15. Bxe3 h6 16. Re2 Re7 17. Rae1 Rae8 18. Bd2 Rxe2 19. Rxe2 Rxe2 20. Qxe2 Qe7 21. Qxe7 Nxe7 22. Ne5 Bxe5 23. dxe5 c5 24. g4 Kh7 25. f4 g6 26. Kf2 h5 27. Kf3 hxg4+ 28. hxg4 Kg8 29. a4 Kf8 30. a5 Ke8 31. Be3 c4 32.
Bb6 Kd7 33. Ke3 Nc6 34. Kf3 Ke6 35. Ke3 g5 36. fxg5 Kxe5 37. Kf3 d4 38. cxd4+ Nxd4+ 39. Bxd4+ Kxd4 40. Kf4 Kd3 41. Kf5 Kc2 42. Kf6 Kxb2 43. Kxf7 c3 44. g6 c2 45. g7 c1=Q 46. g8=Q Qc4+ 47. Kf8 Qc8+ 48. Kf7 Qc7+ 49. Kf8 Qxa5 50. Qh8+ Kb3 51. Qh3+ Kc4 52. Qf1+ Kb3 53. Qd1+ Kc4 54.
Qe2+ Kb3 55. Qd1+ Kc4 56. Qe2+ Kd5 57. Qf3+ Ke6 58. Qe4+ Qe5 59. Qxb7 Qf6+ 60. Kg8 Qg6+ 61. Kf8 Qxg4 62. Qc8+ Kd6 63. Qxg4 1-0

[Event "Early-Titled-Tuesday-Blitz-February-20-2024"]
[Site "Chess.com"]
[Date "2024.02.20"]
[Round "5"]
[White "Kotofeyca"]
[Black "martinmena"]
[Result "1-0"]
[WhiteElo "2404"]
[BlackElo "2194"]
[TimeControl "180+1"]
[EndTime "8:57:32 PST"]
[Termination "Kotofeyca won by checkmate"]

1. d4 d5 2. c4 e6 3. Nc3 Nf6 4. cxd5 exd5 5. Bg5 Be7 6. Qc2 Nbd7 7.
e3 c6 8. Nf3 O-O 9. Bd3 Re8 10.
O-O Nf8 11. Rab1 a5 12. a3 Bd6 13. Bh4 Bg4 14. b4 axb4 15. axb4 Bxf3 16. gxf3 b5 17. e4 Ng6 18. Bg3 Bxg3 19. hxg3 dxe4 20. Nxe4 Qxd4 21. Nxf6+ Qxf6 22. Be4 Ne5 23. Bxh7+ Kh8 24. f4 Nf3+ 25. Kg2 Nh4+ 26. gxh4 g6 27. f5 Kxh7 28. fxg6+ fxg6 29.
Rh1 Ra3 30. h5 Qf3+ 31. Kg1 Qg4+ 32. Kf1 Qc4+ 33. Qxc4 bxc4 34. hxg6+ Kxg6 35. Rc1 c3 36. Rh3 Rb8 37. Rhxc3 Rxc3 38. Rxc3 Rxb4 39. Rxc6+ Kf5 40. Rc5+ Kf4 41. Rh5 Kg4 42. Rc5 Kf3 43. Rc3+ Kf4 44. Kg2 Rb2 45. Rf3+ Kg4 46. Rg3+ Kf4 47. Rh3 Kg4 48.
Ra3 Rb4 49. Ra8 Kf4 50. Rf8+ Kg4 51. f3+ Kg5 52. Kg3 Kh5 53. Rf5+ Kg6 54. Re5 Rb6 55. Kg4 Rb4+ 56. f4 Rb6 57. Rd5 Kf6 58. Rh5 Kg6 59.
Rg5+ Kf6 60. Rh5 Kg6 61. f5+ Kf6 62. Rh6+ Kg7 63. Rxb6 Kf7 64. Kg5 Kg7 65. Rb7+ Kf8 66.
Kf6 Ke8 67. Ke6 Kd8 68. Re7 Kc8 69. f6 Kd8 70. f7 Kc8 71. f8=Q# 1-0

[Event "Early-Titled-Tuesday-Blitz-February-20-2024"]
[Site "Chess.com"]
[Date "2024.02.20"]
[Round "5"]
[White "AttilaTurzo"]
[Black "Rud_2008"]
[Result "1/2-1/2"]
[WhiteElo "2509"]
[BlackElo "2724"]
[TimeControl "180+1"]
[EndTime "8:57:33 PST"]
[Termination "Game drawn by repetition"]

1. d4 Nf6 2. Bf4 d5 3. e3 c5 4.
Nf3 Nc6 5. Nbd2 Nh5 6. dxc5 Nxf4 7. exf4 e6 8. Nb3 a5 9. a4 Qc7 10. Qd2 b6 11. cxb6 Qxb6 12. Bb5 Bd7 13. O-O Bd6 14.
g3 O-O 15. c4 Bb4 16. Qd3 Rfd8 17. cxd5 Ne7 18. Rfd1 Nxd5 19. Bxd7 Rxd7 20. Ne5 Rc7 21. Rac1 Rac8 22. Rxc7 Rxc7 23. Kg2 Qb7 24. Kg1 g6 25.
Rc1 Qc8 26. Rxc7 Qxc7 27. Qc4 Qa7 28. Nc6 Qb6 29. Qb5 Qc7 30. Qb8+ Qxb8 31. Nxb8 Nb6 32. Nc6 Nxa4 33. Nbxa5 Bxa5 34. Nxa5 Nxb2 35. Nb3 Nd3 36. Nd4 h5 37. h4 Kg7 38. Kg2 Kf6 39. Kf3 Nc5 40.
Nc6 Nd7 41. Ke4 Nc5+ 42. Kd4 Nd7 43. Ke4 Kg7 44. Ne5 Nf6+ 45. Ke3 Nd5+ 46. Ke4 Kf6 47. f3 Nc3+ 48. Ke3 Ke7 49. Kd3 Nd5 50. Ke4 Kf6 51.
Kd4 Ne7 52. Ke3 Kg7 53. Kf2 f6 54. Nd7 Nf5 55. Nc5 Kf7 56. Ne4 Ke7 57. Nc5 Nd6 58.
Ne4 Nxe4+ 59. fxe4 Kd6 60. Ke3 Kc5 61. Kd3 f5 62.
exf5 exf5 63. Kc3 Kd5 64. Kd3 Kc5 65. Kc3 Kd5 66. Kd3 Kc6 67. Kc4 Kd6 68. Kd4 Ke6 69. Kc5 Ke7 70. Kc6 Ke6 71. Kc5 Ke7 72. Kc6 Ke6 73. Kc5 1/2-1/2

[Event "Early-Titled-Tuesday-Blitz-February-20-2024"]
[Site "Chess.com"]
[Date "2024.02.20"]
[Round "5"]
[White "Leonid_Starozhilov"]
[Black "GameOverBro"]
[Result "0-1"]
[WhiteElo "2672"]
[BlackElo "2531"]
[TimeControl "180+1"]
[EndTime "8:57:33 PST"]
[Termination "GameOverBro won on time"]

1. e4 c5 2. Nf3 Nc6 3. Bb5 g6 4. Nc3 Bg7 5. O-O Nf6 6. Bxc6 dxc6 7. d3 Nd7 8. h3 e5 9. Be3 Qe7 10. a4 b6 11. Nd2 Nf8 12. Nc4 Ne6 13. a5 b5 14. Nd2 Nd4 15. f4 exf4 16. Bxf4 O-O 17. Nf3 h6 18. Qd2 Kh7 19. Rae1 Be6 20. Nxd4 cxd4 21.
Ne2 c5 22. Bg3 a6 23. Nf4 Rac8 24. Nd5 Qd8 25. Nb6 Rc6 26. Qf2 c4 27. Kh1 Rxb6 28.
axb6 Qxb6 29. Bf4 a5 30. Qg3 a4 31. Be5 Ra8 32. Bxg7 Kxg7 33. Qe5+ Kg8 34. Rf6 Re8 35. Ref1 Qb8 36. Qxd4 cxd3 37. cxd3 b4 38. Qe3 Kg7 39.
d4 Bc4 40. R1f2 Bd5 41. e5 Qc8 42. Qf4 Qxh3+ 43. Kg1 Qb3 44. Rd6 a3 45. Qf6+ Kg8 46. Rd8 Rxd8 47. Qxd8+ Kh7 48. bxa3 bxa3 49. Qa5 a2 50. Rf1 Qe3+ 51. Kh2 Qxd4 52. Qe1 Be6 53. Kh1 Qg4 54. Kg1 Bd5 55. Qf2 Qe4 56. Re1 Qd3 57. Rf1 Qe4 58. Re1 Qb1 59. Qf1 Qb2 60. Ra1 Qd4+ 61.
Kh1 Qxe5 62. Re1 Qh5+ 63. Kg1 Qg5 64. Ra1 h5 65. Kh2 h4 66. Rd1 Qg3+ 67. Kh1 Be6 68. Rd3 Qe5 69. Ra3 Bd5 0-1

[Event "Early-Titled-Tuesday-Blitz-February-20-2024"]
[Site "Chess.com"]
[Date "2024.02.20"]
[Round "5"]
[White "BashirliSaadat"]
[Black "Kgutierrez95"]
[Result "1-0"]
[WhiteElo "2358"]
[BlackElo "2126"]
[TimeControl "180+1"]
[EndTime "8:57:34 PST"]
[Termination "BashirliSaadat won on time"]

1. d4 Nf6 2. e3 e6 3. Bd3 d5 4. Nd2 c5 5. c3 Nc6 6. f4 Be7 7. Ngf3 b6 8. O-O Bb7 9. Ne5 O-O 10. b3 Nxe5 11. fxe5 Ne4 12. Bb2 Bg5 13. Qe2 f5 14. exf6 Nxf6 15. Nf3 Bh6 16. Ne5 Ne4 17. Bxe4 dxe4 18.
Rae1 Qg5 19. Rxf8+ Rxf8 20. c4 cxd4 21. Bxd4 Rf5 22. Ng4 Qh4 23. Nxh6+ Qxh6 24. Rd1 Qg5 25. Bc3 h6 26. Rd7 Rf7 27. Rd4 Kh7 28. h3 Rf3 29.
Rd7 Rxe3 30. Rxg7+ Qxg7 31. Qxe3 Qf7 32. Qd4 Kg6 33.
Bd2 Qf5 34. Qd7 Qf7 35. Qd8 e3 36. Bxe3 Be4 37. Qh4 Qf5 38. Qxh6+ Kf7 39. Qh4 Bd3 40. Kh2 Qe5+ 41. Bf4 Qe2 42. Qg3 Bg6 43. a3 Qd3 44. Qxd3 Bxd3 45. Be3 Bc2 46. b4 e5 47. Kg3 Ke6 48.
c5 bxc5 49. Bxc5 a6 50. Kf3 e4+ 51. Ke3 Kf5 52. g4+ Kg5 53. Be7+ Kg6 54. h4 Bd3 55. h5+ Kf7 56. Bc5 Bc2 57. Kf4 Bd1 58. Bd6 e3 59. Bc5 1-0

[Event "Early-Titled-Tuesday-Blitz-February-20-2024"]
[Site "Chess.com"]
[Date "2024.02.20"]
[Round "5"]
[White "GoltsevDmitry2000"]
[Black "Durarbayli"]
[Result "0-1"]
[WhiteElo "2787"]
[BlackElo "2978"]
[TimeControl "180+1"]
[EndTime "8:57:35 PST"]
[Termination "Durarbayli won on time"]

1. e4 e6 2. d4 d5 3. exd5 exd5 4. Nf3 Nc6 5. c4 Bb4+ 6. Nc3 Nge7 7. Bd3 Bg4 8. a3 Bxf3 9. gxf3 Bxc3+ 10. bxc3 dxc4 11. Bxc4 O-O 12. O-O Ng6 13. Qd3 Qf6 14. Bd5 Rad8 15.
Be4 Nh4 16. Qe3 Ne7 17. Qg5 Nxf3+ 18. Bxf3 Qxf3 19. Qxe7 Qg4+ 20. Kh1 Qf3+ 21. Kg1 Rd6 22. Bg5 Qg4+ 23. Kh1 Qf3+ 24. Kg1 Rg6 25. Rfe1 f6 26. Qe4 Rxg5+ 27. Kf1 Qh3+ 28. Ke2 Qxc3 29. Rac1 Qxa3 30. Rxc7 Qa6+ 31. Kd2 Qa5+ 32. Rc3 h6 33. Qe6+ Kh8 34. Re3 Rg2 35. Qe7 Rg8 36. Rg3 Qa2+ 37. Kd3 Qxf2 38. Rxg2 Qxg2 39. Rc7 Qh3+ 40. Kc4 b5+ 41. Kxb5 Qb3+ 42.
Kc5 a5 43. d5 a4 44. d6 a3 45. d7 Qc3+ 46. Kd6 Qd3+ 47. Kc6 a2 48. Rc8 a1=Q 49. Rxg8+ Kxg8 50. d8=Q+ Qxd8 51. Qxd8+ Kf7 52. Qd3 Qe5 53. Qd7+ Qe7 54. Qd1 Qe6+ 55. Kc7 Qe5+ 56. Kc6 f5 57. h4 Qe4+ 58. Kc7 Qe7+ 59. Kb6 Qxh4 60. Qd7+ Kg6 61. Qc7 Qf6+ 62. Kb7 Kh7 63. Kb8 f4 64.
Kb7 f3 65. Qc2+ Kg8 66. Qb3+ Qf7+ 0-1

[Event "Early-Titled-Tuesday-Blitz-February-20-2024"]
[Site "Chess.com"]
[Date "2024.02.20"]
[Round "5"]
[White "Alenzer"]
[Black "Carlitus2004"]
[Result "0-1"]
[WhiteElo "2140"]
[BlackElo "2372"]
[TimeControl "180+1"]
[EndTime "8:57:37 PST"]
[Termination "Carlitus2004 won by resignation"]

1. e4 Nc6 2. d4 d5 3. Nc3 dxe4 4. d5 Ne5 5. Nxe4 Nf6 6. Nxf6+ exf6 7. Be3 Bd6 8. Bb5+ Bd7 9. Bxd7+ Qxd7 10. Nf3 O-O 11.
O-O Rfe8 12. b3 b5 13. a4 b4 14. Nd4 Ng4 15. Nf3 Nxe3 16. fxe3 Rxe3 17. Qd4 Rc3 18. Qd2 Re8 19. Rae1 Bc5+ 20. Kh1 Rce3 21. Rxe3 Rxe3 22. Nd4 Re8 23. Nc6 h6 24. Nxb4 Bxb4 25. Qxb4 Qxd5 26. h3 Re2 27. Qg4 Rxc2 28. Rd1 Qe6 29. Rd8+ Kh7 30.
Qxe6 fxe6 31. Rd7 Kg6 32. Kg1 f5 33. b4 Kf6 34. b5 Rc4 35. a5 Rc5 36. a6 g5 37. Kf2 h5 38. Rd8 Rxb5 39. Ra8 Ra5 40. Rxa7 c5 41. Ra8 c4 42. a7 Kg7 43. Ke3 e5 44. Kd2 Ra3 45. Kc2 c3 46. Re8 Rxa7 47.
Rxe5 Ra2+ 48. Kxc3 Kf6 49. Rb5 Rxg2 50. Rb6+ Ke5 51.
Rb5+ Kf4 52. Rb4+ Kg3 53. Rb5 Kxh3 54. Rxf5 g4 55. Rxh5+ Kg3 56. Rh8 Re2 57. Kd3 Re7 58. Kd2 Kf2 59. Rf8+ Kg2 60. Rg8 g3 61. Rg6 Kf2 62.
Rf6+ Kg1 63. Rg6 g2 64. Kd1 Rh7 65. Rg8 Kh2 66. Rxg2+ Kxg2 67. Ke2 Re7+ 68. Kd3 Kf3 69.
Kd4 Rd7+ 70. Ke5 Ke3 71. Ke6 Rd4 72. Ke5 Ra4 73. Kd5 Ra5+ 74. Kc4 Re5 75. Kc3 Rc5+ 76.
Kb4 Kd4 77. Kb3 Rb5+ 78. Ka4 Kc4 79. Ka3 Rb8 0-1

[Event "Early-Titled-Tuesday-Blitz-February-20-2024"]
[Site "Chess.com"]
[Date "2024.02.20"]
[Round "5"]
[White "Lucky_Puncher"]
[Black "Dinosaurio_1975"]
[Result "1-0"]
[WhiteElo "2516"]
[BlackElo "2599"]
[TimeControl "180+1"]
[EndTime "8:57:39 PST"]
[Termination "Lucky_Puncher won by resignation"]

1. d4 d5 2. c4 e6 3. Nc3 a6 4. cxd5 exd5 5. Nf3 Nf6 6. Bg5 Be6 7. Qb3 Nbd7 8. e3 Bd6 9. Bd3 Rb8 10. O-O O-O 11.
Rae1 c6 12. Qc2 Qc7 13. h3 Rfe8 14. Ne2 Ne4 15. Bf4 Bf5 16. Nh4 Bxf4 17. Nxf4 Bg6 18.
Nhxg6 hxg6 19. Nxd5 Qd6 20. Nf4 Ndf6 21. Bc4 g5 22.
Nd3 Nd5 23. Ne5 f6 24. Qxe4 fxe5 25. Bxd5+ cxd5 26. Qg4 exd4 27. exd4 Qf6 28. Re3 Qf4 29. Qxf4 gxf4 30. Rf3 Re4 31. Rd1 Rc8 32. Rb3 b5 33. Rd2 Rc1+ 34. Kh2 Ree1 35. g3 Rh1+ 36. Kg2 Rcg1+ 37. Kf3 fxg3 38. fxg3 Rxh3 39. Kf4 Kf7 40. Rc3 g5+ 41. Ke5 Rhxg3 42. Rf2+ Kg6 43. Rc6+ Kh5 44. Rh2+ Kg4 45. Kxd5 Rd3 46. Rxa6 Rgd1 47. Rg2+ Kf4 48. Rf6+ Ke3 49. Rg3+ Kd2 50. Rf2+ Kc1 51. Rxd3 Rxd3 52. Kc5 g4 53. Rg2 g3 54. d5 Kb1 55. a3 Kc1 56. d6 Rd2 57. Rxg3 Kxb2 58. Kc6 Rd1 59. d7 Rd2 60. Kc7 Rc2+ 61. Kb7 Rd2 62. Kc8 Rc2+ 63.
Kd8 Rd2 64. Rg5 Kxa3 65. Rxb5 Ka4 66. Rb6 Ka5 67. Kc7 Rc2+ 68. Rc6 1-0

[Event "Early-Titled-Tuesday-Blitz-February-20-2024"]
[Site "Chess.com"]
[Date "2024.02.20"]
[Round "5"]
[White "Sam_ChessMood"]
[Black "Jospem"]
[Result "0-1"]
[WhiteElo "2938"]
[BlackElo "3089"]
[TimeControl "180+1"]
[EndTime "8:57:41 PST"]
[Termination "Jospem won by resignation"]

1. d4 Nf6 2. c4 e6 3. Nf3 Bb4+ 4.
Nbd2 O-O 5. g3 b6 6. Bg2 Bb7 7. O-O a5 8. Qc2 Bxd2 9. Bxd2 d6 10. b3 Nbd7 11. Bc3 Be4 12. Qb2 Qb8 13. Rfe1 b5 14.
cxb5 Qxb5 15. Bf1 Qh5 16. Nd2 Bc6 17. e4 Rfb8 18. Qc2 Bb5 19. Bg2 Qg6 20. Rac1 a4 21.
b4 d5 22. a3 c6 23. e5 Qxc2 24. Rxc2 Ne8 25. Nf1 Nb6 26. Ne3 Nc7 27. Rec1 Bd3 28. Rd2 Bc4 29. Bb2 Bb5 30. Rdc2 Kf8 31. h4 Ke8 32. f4 Kd7 33. h5 h6 34. Kf2 Nc4 35. Nxc4 Bxc4 36. Bf1 Bxf1 37. Kxf1 Ra6 38. Ke2 Nb5 39. g4 f6 40. Ke3 Rf8 41. Rc5 Rf7 42.
R1c2 f5 43. Rg2 fxg4 44. Rxg4 Ra8 45. Rc1 Nc7 46. Rcg1 Ne8 47. Bc3 Ke7 48. Be1 Kf8 49. Bc3 Rf5 50. Rh4 Kf7 51. Kf3 Nc7 52. Kg4 Rg8 53. Kh3 Nb5 54. Bb2 Nc7 55. Rg2 Na8 56. Rg1 Nb6 57. Bc1 Nc4 58. Rg2 Kf8 59. Rg6 Kf7 60.
Kg4 Re8 61. Rh1 Kg8 62. Rg1 Kh7 63. Kh4 Rf7 64. R1g4 Nb6 65. Rg1 Nc8 66. f5 exf5 67.
Rxc6 f4 68. e6 Rf6 69. Rc7 Ne7 70. Re1 Nf5+ 71. Kg4 f3 72. e7 f2 73. Rf1 Nxe7 74.
Be3 Nf5 75. Bxf2 Ne3+ 76. Bxe3 Rxf1 0-1

[Event "Early-Titled-Tuesday-Blitz-February-20-2024"]
[Site "Chess.com"]
[Date "2024.02.20"]
[Round "5"]
[White "baki83"]
[Black "bazar-wokzal"]
[Result "1-0"]
[WhiteElo "2899"]
[BlackElo "2684"]
[TimeControl "180+1"]
[EndTime "8:57:46 PST"]
[Termination "baki83 won by resignation"]

1. e4 Nc6 2. Nf3 d5 3. exd5 Qxd5 4. Nc3 Qa5 5. Bb5 Bd7 6. O-O a6 7. Bxc6 Bxc6 8. d4 e6 9. Ne5 Bd6 10. Nxc6 bxc6 11. Qf3 Ne7 12. Ne4 Qf5 13. Qxf5 Nxf5 14. c3 Kd7 15. Re1 a5 16. a4 Rhb8 17. Re2 h5 18. g3 Be7 19. Kg2 Rb7 20. h3 Ke8 21. Bf4 Rab8 22. Ra2 f6 23. h4 Kf7 24.
Kf1 Bd6 25. Bc1 Rb3 26. Ke1 Be7 27. Kd1 R3b7 28. Kc2 Rb6 29. Bf4 Bd6 30. Bc1 Be7 31. Re1 R6b7 32. Ra1 Rb6 33. Rb1 R6b7 34. Bf4 Bd6 35.
Bc1 Be7 36. Re2 Rb6 37. b3 R6b7 38. Bf4 Bd6 39. Be3 Be7 40. Nd2 Nd6 41. Bf4 Nf5 42. Nc4 Ra8 43. Rbe1 c5 44. dxc5 e5 45. c6 Rba7 46.
Bd2 Ra6 47. Re4 Rxc6 48. Rxe5 Rxc4 49. Rxf5 Rc6 50. Rxh5 Bd6 51. Rb5 Rca6 52. h5 Kg8 53. Rb7 Kf7 54. Re4 Rc6 55. g4 Rca6 56. f4 Rc6 57. g5 fxg5 58. fxg5 Kg8 59. h6 gxh6 60. gxh6 Kh7 61. Re6 Rg8 62. Re2 Rg3 63. Rb5 Bb4 64.
c4 Bxd2 65. Rxd2 Kxh6 66. Rxa5 Re6 67. Rb5 c6 68. Rb6 Kg5 69. Kb2 Kf4 70. a5 Ke3 71. Rd7 Rg2+ 72. Ka3 Rg1 73. Kb4 Ra1 74. Rc7 Kd4 75. Rcxc6 1-0

[Event "Early-Titled-Tuesday-Blitz-February-20-2024"]
[Site "Chess.com"]
[Date "2024.02.20"]
[Round "5"]
[White "xamax2000"]
[Black "lachesisQ"]
[Result "1-0"]
[WhiteElo "2875"]
[BlackElo "3036"]
[TimeControl "180+1"]
[EndTime "8:57:49 PST"]
[Termination "xamax2000 won on time"]

1. Nf3 d5 2. c4 e6 3. g3 Nf6 4. Bg2 Be7 5. O-O O-O 6. b3 c5 7. cxd5 Nxd5 8. d4 Nc6 9. Bb2 cxd4 10. Nxd4 Nxd4 11. Qxd4 Bf6 12. Qd2 Nf4 13. gxf4 Qxd2 14. Nxd2 Bxb2 15. Rad1 Rb8 16. Nc4 Bf6 17. Nd6 b5 18.
Nxc8 Rfxc8 19. Rd2 a5 20. Rfd1 a4 21. e3 g6 22. Bf1 Rc3 23. Rd3 Rc5 24. Kg2 a3 25. Kf3 b4 26. R3d2 Rbc8 27. Bd3 Kg7 28. h3 Bc3 29.
Re2 Rd8 30. Bc2 Rxd1 31. Bxd1 f5 32. Bc2 Kf6 33. Bd3 Rd5 34. Bc4 Rd1 35. e4 Ra1 36.
exf5 exf5 37. h4 Bb2 38. h5 gxh5 39. Re6+ Kg7 40. Re7+ Kg6 41. Re6+ Bf6 42. Re2 h4 43. Kg2 Bb2 44. Re6+ Kg7 45. Re7+ Kf8 46. Rf7+ Ke8 47. Rb7 Rxa2 48. Rxb4 Bd4 49. Bb5+ Ke7 50. Rxd4 h3+ 51. Kxh3 Rb2 52. Kg2 Rxb3 53. Rd7+ Kf6 54. Bf1 h5 55. Ra7 Rc3 56. Ra6+ Kg7 57. Be2 h4 58. Bb5 h3+ 59. Kh2 Rf3 60. Ra4 Kf6 61. Bc6 Rxf2+ 62. Kxh3 a2 63. Kg3 Rd2 64. Bf3 Ke6 65. Ra6+ Kd7 66. Bh5 Ke7 67. Bg6 Rd6 68. Ra7+ Kf6 69. Bh5 Rd3+ 70. Bf3 Rd2 71. Ra6+ Ke7 72. Bh5 Rd3+ 73.
Kh4 Rd2 74. Kg5 Kd7 75. Bf7 1-0